[Event "Team 45 45 League T34"]
[Site "Internet Chess Club"]
[Date "2007.07.28"]
[Round "2"]
[White "A-Ru"]
[Black "morgado"]
[Result "0-1"]
[WhiteElo "1964"]
[BlackElo "1975"]
[Opening "Queen's pawn game"]
[ECO "D02"]
[Time "07:35:21"]
[TimeControl "2700+45"]

1. d4 d5 2. Nf3 e6 3. e3 Bd6 4. Bd3 f5 5. c4 c6 6. Nc3 Nf6 7. h3 O-O 8. g4 Ne4
9. gxf5 exf5 10. cxd5 cxd5 11. Qb3 Be6 12. Nxe4 fxe4 13. Bxe4 Kh8 14. Nd2 Qh4
15. Bxd5 Rxf2 16. Rf1 Rxf1+ 17. Kxf1 Qxh3+ 18. Ke2 Qh5+ 19. Bf3 Qh2+ {White
resigns} 0-1

[Event "Team 45 45 League T34"]
[Site "Internet Chess Club"]
[Date "2007.07.29"]
[Round "2"]
[White "tourettes"]
[Black "ivanson"]
[Result "0-1"]
[WhiteElo "1742"]
[BlackElo "1893"]
[Opening "Ruy Lopez: closed (10...c5)"]
[ECO "C96"]
[Time "14:01:12"]
[TimeControl "2700+45"]

1. e4 e5 2. Nf3 Nc6 3. Bb5 a6 4. Ba4 Nf6 5. O-O Be7 6. Re1 b5 7. Bb3 d6 8. h3
O-O 9. c3 Na5 10. Bc2 c5 11. d3 Bd7 12. Be3 Qc7 13. Nbd2 Rfe8 14. Nf1 d5 15.
exd5 Nxd5 16. Bd2 Nc6 17. Ng3 Rad8 18. Ng5 Nf4 19. N3e4 Bf5 20. Bxf4 exf4 21.
Nf3 h6 22. Qe2 Kh8 23. Rad1 Bf8 24. Qf1 b4 25. c4 Ne5 26. Nxe5 Rxe5 27. f3 g5
28. Nf2 Bg7 29. Ne4 Re7 30. b3 Bd4+ 31. Kh2 Bc8 32. Bb1 Kg7 33. Re2 f6 34. Rde1
Rde8 35. Nd2 Be3 36. Ne4 f5 37. Nf2 Kf6 38. Nd1 h5 39. Kh1 Bd4 40. Rxe7 Rxe7 41.
Re2 Bb7 42. Qe1 g4 43. Rxe7 Qxe7 44. Qxe7+ Kxe7 45. hxg4 fxg4 46. fxg4 hxg4 47.
Kh2 g3+ 48. Kh3 Bc8+ 49. Kh4 Bf6+ 50. Kh5 f3 {White resigns} 0-1

[Event "Team 45 45 League T34"]
[Site "Internet Chess Club"]
[Date "2007.07.27"]
[Round "2"]
[White "HKNIGHT"]
[Black "allanchs"]
[Result "1-0"]
[WhiteElo "1685"]
[BlackElo "1563"]
[Opening "Queen's pawn game"]
[ECO "D00"]
[Time "11:58:30"]
[TimeControl "2700+45"]

1. d4 d5 2. e3 Nf6 3. f4 e6 4. Nf3 c5 5. c3 Nc6 6. Bd3 cxd4 7. exd4 Bd6 8. Ne5
Qe7 9. O-O b6 10. Nxc6 Qc7 11. Ne5 Bb7 12. Bb5+ {Black resigns} 1-0

[Event "Team 45 45 League T34"]
[Site "Internet Chess Club"]
[Date "2007.07.28"]
[Round "2"]
[White "crankn8tr"]
[Black "Ernie1"]
[Result "1-0"]
[WhiteElo "1701"]
[BlackElo "1674"]
[Opening "Caro-Kann: exchange, Rubinstein variation"]
[ECO "B13"]
[Time "10:02:12"]
[TimeControl "2700+45"]

1. e4 c6 2. d4 d5 3. exd5 cxd5 4. Bd3 Nf6 5. c3 Nc6 6. Bf4 e6 7. Nd2 Bd6 8. Bg3
Qe7 9. Ngf3 e5 10. dxe5 Nxe5 11. Nxe5 Bxe5 12. Bxe5 Qxe5+ 13. Qe2 Qxe2+ 14. Bxe2
O-O 15. O-O Re8 16. Bf3 Ne4 17. Nb3 Be6 18. Nd4 Nd2 19. Rfe1 Nxf3+ 20. Nxf3 Bg4
21. Nd4 Kf8 22. f3 Bh5 23. Rad1 Rxe1+ 24. Rxe1 Re8 25. Rxe8+ Kxe8 26. Kf2 Kd7
27. Ke3 Bg6 28. Ne2 Bb1 29. a3 Ba2 30. Kd4 Kd6 31. Nc1 Bc4 32. b3 Bf1 33. g3 Ba6
34. Na2 Be2 35. f4 Bd1 36. b4 b5 37. Nc1 Kc6 38. Nd3 f6 39. Nc5 Bg4 40. a4 a6
41. axb5+ axb5 42. Nd3 Kd6 43. Nf2 Be6 44. g4 g6 45. h3 h6 46. h4 g5 47. f5 Bd7
48. hxg5 hxg5 49. Nh1 Be8 50. Ng3 Bf7 51. Nh5 Bxh5 52. gxh5 Ke7 53. Kxd5 Kf7 54.
Kd4 Kg7 55. c4 g4 56. c5 g3 57. Ke3 {Black resigns} 1-0

[Event "Team 45 45 League T34"]
[Site "Internet Chess Club"]
[Date "2007.07.29"]
[Round "2"]
[White "chessateer"]
[Black "Razorbackchess"]
[Result "0-1"]
[WhiteElo "1842"]
[BlackElo "1883"]
[Opening "Robatsch defense: two knights variation"]
[ECO "B06"]
[Time "10:05:59"]
[TimeControl "2700+45"]

1. e4 g6 2. d4 Bg7 3. Nc3 d6 4. Nf3 a6 5. a4 b6 6. Bd3 Nd7 7. O-O e6 8. Re1 Ne7
9. Be3 h6 10. Qd2 Bb7 11. Rad1 Kf8 12. h3 Kg8 13. Nh2 Kh7 14. f4 c5 15. Ne2 d5
16. e5 c4 17. g4 cxd3 18. Qxd3 a5 19. Ng3 Ba6 20. Qd2 Qf8 21. Nf3 Rg8 22. Kh2 b5
23. axb5 Bxb5 24. Ra1 a4 25. h4 Rb8 26. h5 Nb6 27. b3 axb3 28. cxb3 Nd7 29. Rec1
Rc8 30. Qa5 Rxc1 31. Rxc1 Qb8 32. Bd2 Nc6 33. Qc3 Rc8 34. Qe3 Qb6 35. f5 gxf5
36. gxf5 Rg8 37. fxe6 fxe6 38. Ne2 Ncxe5 39. Nxe5 Nxe5 40. dxe5 Qxe3 41. Bxe3
Bxe2 42. Bxh6 Bxh6 43. Rc7+ Rg7 44. Rxg7+ Kxg7 45. b4 Bf4+ 46. Kg2 Bxe5 47. h6+
Kxh6 48. b5 Bxb5 {White resigns} 0-1

[Event "Team 45 45 League T34"]
[Site "Internet Chess Club"]
[Date "2007.07.30"]
[Round "2"]
[White "michaelus"]
[Black "Changuito-77"]
[Result "1-0"]
[WhiteElo "1813"]
[BlackElo "1785"]
[Opening "Ruy Lopez: modern Steinitz defense"]
[ECO "C74"]
[Time "16:57:44"]
[TimeControl "2700+45"]

1. e4 e5 2. Nf3 Nc6 3. Bb5 a6 4. Ba4 d6 5. c3 Bg4 6. h3 Bd7 7. d4 Nf6 8. Qe2 Be7
9. Nbd2 exd4 10. cxd4 O-O 11. O-O Re8 12. Bc2 Bf8 13. a3 g6 14. Re1 Nxe4 15.
Nxe4 Bg7 16. Qd1 Bf5 17. Ng3 Rxe1+ 18. Nxe1 Bxc2 19. Nxc2 Qf6 20. Be3 d5 21. Qd2
Re8 22. Rd1 Qd6 23. Bf4 Qd7 24. Kf1 Nd8 25. Re1 Ne6 26. Ne2 Qa4 27. Nc3 Qc4+ 28.
Kg1 Rd8 29. Be5 Bf8 30. Bf6 Rd7 31. Qe2 Qc6 32. Qf3 a5 33. Ne3 Qb6 34. Ncxd5
Qxb2 35. Be5 Bg7 36. Nf6+ Bxf6 37. Qxf6 Kf8 38. d5 {Black resigns} 1-0

[Event "Team 45 45 League T34"]
[Site "Internet Chess Club"]
[Date "2007.07.28"]
[Round "2"]
[White "fishhead"]
[Black "Klampin"]
[Result "0-1"]
[WhiteElo "1880"]
[BlackElo "2025"]
[Opening "Caro-Kann: two knights variation"]
[ECO "B10"]
[Time "13:05:10"]
[TimeControl "2700+45"]

1. e4 c6 2. Nf3 d5 3. Nc3 dxe4 4. Nxe4 Bg4 5. h3 Bxf3 6. Qxf3 Nd7 7. d4 Ngf6 8.
Ng3 e6 9. a3 Bd6 10. Bd3 Qb6 11. Qe2 Bxg3 12. fxg3 Qxd4 13. c3 Qe5 14. Bf4 Qxe2+
15. Kxe2 O-O-O 16. g4 Nc5 17. Bc2 Rhe8 18. Rhd1 Nd5 19. Bg3 e5 20. b4 Nxc3+ 21.
Ke3 Nxd1+ 22. Rxd1 Rxd1 23. Bxd1 Nd7 24. Bb3 f6 25. Ke4 a5 26. Bf2 axb4 27. axb4
Kc7 28. h4 Ra8 29. Kf5 Kd6 30. g5 g6+ 31. Ke4 Ra3 32. Bc5+ Kc7 33. gxf6 Nxf6+
34. Kxe5 Nd7+ 35. Ke6 Nxc5+ {White resigns} 0-1

[Event "Team 45 45 League T34"]
[Site "Internet Chess Club"]
[Date "2007.07.29"]
[Round "2"]
[White "Vitruvian"]
[Black "MaunaKeaMike"]
[Result "1/2-1/2"]
[WhiteElo "1842"]
[BlackElo "1813"]
[Opening "Bishop's opening"]
[ECO "C23"]
[Time "11:06:48"]
[TimeControl "2700+45"]

1. e4 e5 2. Bc4 d6 3. d3 Nf6 4. f4 Be7 5. Nf3 Nbd7 6. c3 O-O 7. O-O h6 8. Bb3
Qe8 9. Nh4 Nc5 10. fxe5 Bg4 11. Nf3 dxe5 12. Bc2 Rd8 13. Qe2 Rd6 14. Be3 Qb5 15.
Bxc5 Qxc5+ {Game drawn by mutual agreement} 1/2-1/2

[Event "Team 45 45 League T34"]
[Site "Internet Chess Club"]
[Date "2007.07.26"]
[Round "2"]
[White "diegoami"]
[Black "superbeast"]
[Result "0-1"]
[WhiteElo "1756"]
[BlackElo "1536"]
[Opening "Sicilian: Sveshnikov variation"]
[ECO "B33"]
[Time "18:03:47"]
[TimeControl "2700+45"]

1. e4 c5 2. Nf3 Nc6 3. d4 cxd4 4. Nxd4 Nf6 5. Nc3 e5 6. Ndb5 d6 7. Bg5 a6 8. Na3
b5 9. Bxf6 gxf6 10. Nd5 f5 11. exf5 Bxf5 12. c3 Bg7 13. Qf3 Be6 14. Nf6+ Bxf6
15. Qxc6+ Ke7 16. Bd3 d5 17. Qc5+ Ke8 18. Nxb5 Be7 19. Nc7+ Kd7 20. Nxe6 Bxc5
21. Nxd8 Kxd8 22. f3 Rg8 23. g4 e4 24. fxe4 dxe4 25. Bxe4 Re8 26. Kd2 Rxe4 27.
Rhf1 Ra7 28. h3 Rd7+ 29. Kc2 Re2+ 30. Kb3 Rb7+ 31. Kc4 Re4+ 32. Kxc5 Rb5+ 33.
Kc6 Re6# {White checkmated} 0-1

[Event "Team 45 45 League T34"]
[Site "Internet Chess Club"]
[Date "2007.07.27"]
[Round "2"]
[White "Moondog"]
[Black "DocHoliday"]
[Result "0-1"]
[WhiteElo "1886"]
[BlackElo "1870"]
[Opening "Benoni: classical, 9...a6, 10.a4"]
[ECO "A74"]
[Time "20:10:21"]
[TimeControl "2700+45"]

1. d4 Nf6 2. c4 c5 3. Nf3 e6 4. d5 exd5 5. cxd5 d6 6. Nc3 g6 7. e4 Bg7 8. Be2
O-O 9. O-O a6 10. a4 Re8 11. h3 Nxe4 12. Nxe4 Rxe4 13. Qc2 Re8 14. Bf4 Qf6 15.
Bg3 Bf5 16. Bd3 Bxd3 17. Qxd3 Nd7 18. Rac1 Bh6 19. Rc2 Bf4 20. Bxf4 Qxf4 21. Re2
Ne5 22. Nxe5 Rxe5 23. b3 Rae8 24. Rfe1 Rxe2 25. Rxe2 Rxe2 26. Qxe2 Qe5 27. Qd2
b5 28. axb5 axb5 29. Kf1 b4 30. Qd3 Kg7 31. g3 f5 32. f4 Qe4 33. Qxe4 fxe4 34.
Ke2 c4 {White resigns} 0-1

[Event "Team 45 45 League T34"]
[Site "Internet Chess Club"]
[Date "2007.07.28"]
[Round "2"]
[White "markgravitygood"]
[Black "holtmild"]
[Result "1-0"]
[WhiteElo "1819"]
[BlackElo "1550"]
[Opening "Ruy Lopez: Anderssen variation"]
[ECO "C77"]
[Time "15:57:15"]
[TimeControl "2700+45"]

1. e4 e5 2. Nf3 Nc6 3. Bb5 a6 4. Ba4 Nf6 5. d3 Be7 6. O-O b5 7. Bb3 d6 8. h3 O-O
9. c3 h6 10. Re1 Re8 11. Nbd2 Bb7 12. Nf1 Nd7 13. Ng3 Bf6 14. Nf5 Nc5 15. Be3
Nxb3 16. axb3 Ne7 17. Nxe7+ Qxe7 18. b4 Qe6 19. Nd2 d5 20. Nb3 Be7 21. Na5 Bc8
22. Qb3 Rd8 23. Qc2 Qd7 24. d4 exd4 25. Bxd4 Re8 26. exd5 Qxd5 27. Re5 Qd7 28.
Rae1 f6 29. Qb3+ Kf8 30. R5e2 Qd8 31. Nc6 Qd7 32. Nxe7 Rxe7 33. Rxe7 Qxe7 34.
Bc5 {Black resigns} 1-0

[Event "Team 45 45 League T34"]
[Site "Internet Chess Club"]
[Date "2007.07.28"]
[Round "2"]
[White "ears"]
[Black "Budzo"]
[Result "0-1"]
[WhiteElo "1601"]
[BlackElo "1827"]
[Opening "French: advance, Euwe variation"]
[ECO "C02"]
[Time "10:07:18"]
[TimeControl "2700+45"]

1. e4 e6 2. d4 d5 3. e5 c5 4. c3 Nc6 5. Nf3 Bd7 6. a3 f6 7. exf6 Nxf6 8. Bb5 Bd6
9. O-O O-O 10. Re1 Ne4 11. Be3 Qc7 12. Nbd2 Nxd2 13. Qxd2 Rxf3 14. gxf3 Bxh2+
15. Kf1 Rf8 16. Ke2 Be8 17. Bd3 Bh5 18. Kd1 Bxf3+ 19. Be2 Bxe2+ 20. Rxe2 c4 21.
Kc2 Qf7 22. Rh1 Bf4 23. Bxf4 Qxf4 24. Qxf4 Rxf4 25. Rhe1 Kf7 26. Rxe6 Rxf2+ 27.
R1e2 Rxe2+ 28. Rxe2 g5 29. Kd2 h5 30. Ke1 Kf6 31. Rf2+ Kg6 32. Kf1 Ne7 33. Rf8
Nf5 34. Re8 h4 35. Re5 Kf6 36. Rxd5 Ne3+ {White resigns} 0-1

[Event "Team 45 45 League T34"]
[Site "Internet Chess Club"]
[Date "2007.07.27"]
[Round "2"]
[White "GrandPoobah069"]
[Black "Glassywoman"]
[Result "1-0"]
[WhiteElo "1636"]
[BlackElo "1454"]
[Opening "Philidor's defense"]
[ECO "C41"]
[Time "21:00:22"]
[TimeControl "2700+45"]

1. e4 e5 2. Nf3 d6 3. d4 Bg4 4. dxe5 Bxf3 5. Qxf3 dxe5 6. Bc4 Nf6 7. Qb3 Bd6 8.
Bxf7+ Kf8 9. Qxb7 Nbd7 10. Bd5 Nc5 11. Qxa8 Qxa8 12. Bxa8 Ncxe4 13. Bxe4 Nxe4
14. f3 Nc5 15. Nc3 Kf7 16. Nb5 Be7 17. Nxa7 Na4 18. b3 Nc3 {Black resigns} 1-0

[Event "Team 45 45 League T34"]
[Site "Internet Chess Club"]
[Date "2007.07.28"]
[Round "2"]
[White "RisingMercury"]
[Black "andrew28"]
[Result "1/2-1/2"]
[WhiteElo "1999"]
[BlackElo "1835"]
[Opening "Sicilian: closed"]
[ECO "B23"]
[Time "11:16:06"]
[TimeControl "2700+45"]

1. e4 c5 2. Nc3 e6 3. Nf3 Nc6 4. Bb5 a6 5. Bxc6 bxc6 6. O-O d5 7. Re1 Be7 8. d4
Nf6 9. Bg5 O-O 10. dxc5 Nd7 11. Bxe7 Qxe7 12. exd5 cxd5 13. c6 Nb6 14. Nxd5 Nxd5
15. Qxd5 Rd8 16. Qa5 h6 17. Rad1 Rxd1 18. Rxd1 Qa7 19. h4 Rb8 20. b4 e5 21. Rd8+
Kh7 22. Nxe5 Rb5 23. Rxc8 Rxa5 24. bxa5 Qd4 25. Nxf7 Kg6 26. c7 Qf4 27. Nh8+ Kh5
28. g3 Qd6 29. c4 Qd1+ 30. Kg2 Qd7 31. Rd8 Qxc7 32. Rd5+ g5 33. f3 Qxg3+ 34.
Kxg3 {Black stalemated} 1/2-1/2

[Event "Team 45 45 League T34"]
[Site "Internet Chess Club"]
[Date "2007.07.31"]
[Round "2"]
[White "Silenita"]
[Black "SuperMathBoy"]
[Result "0-1"]
[WhiteElo "1830"]
[BlackElo "2050"]
[Opening "Sicilian: Keres variation (2.Ne2)"]
[ECO "B20"]
[Time "13:00:41"]
[TimeControl "2700+45"]

1. e4 c5 2. Ne2 d6 3. Nbc3 Nf6 4. g3 Nc6 5. Bg2 e5 6. Nd5 Nxd5 7. exd5 Ne7 8.
Nc3 f5 9. d3 g6 10. Qe2 Bg7 11. O-O O-O 12. f4 Rb8 13. a4 Bd7 14. Bd2 a6 15. a5
b5 16. axb6 Qxb6 17. Rfb1 Rfe8 18. Qf3 exf4 19. Bxf4 Bxc3 20. bxc3 Qxb1+ 21.
Rxb1 Rxb1+ 22. Bf1 Nc8 23. Kf2 a5 24. Bh6 a4 25. Qf4 a3 26. Qg5 Kf7 27. Qh4 a2
28. Bg5 Rxf1+ 29. Kg2 h5 30. Bd8 Ne7 {White resigns} 0-1

[Event "Team 45 45 League T34"]
[Site "Internet Chess Club"]
[Date "2007.07.27"]
[Round "2"]
[White "Razorbackchess"]
[Black "IceBox"]
[Result "1/2-1/2"]
[WhiteElo "1867"]
[BlackElo "1682"]
[Opening "English opening"]
[ECO "A20"]
[Time "18:14:41"]
[TimeControl "2700+45"]

1. c4 e5 2. g3 f5 3. Bg2 Nc6 4. Nc3 Nf6 5. d3 Bb4 6. Bd2 O-O 7. Nf3 d6 8. O-O
Qe8 9. a3 Bxc3 10. Bxc3 Qh5 11. b4 f4 12. b5 Ne7 13. Nd2 Bh3 14. e3 Qxd1 15.
Raxd1 Bxg2 16. Kxg2 fxe3 17. fxe3 Ng4 18. Rde1 Nf5 19. Rf3 Rae8 20. h3 Ngh6 21.
Ref1 Ne7 22. Ne4 Rxf3 23. Rxf3 Nf7 24. g4 Ng6 25. Kg3 Nd8 26. Bb4 Rf8 27. Rxf8+
Kxf8 28. d4 exd4 29. exd4 Ne6 30. Bc3 Ngf4 31. d5 Ne2+ 32. Kf3 Nxc3 33. Nxc3
Ng5+ 34. Kg3 Kf7 35. h4 Kg6 36. hxg5 Kxg5 37. Ne4+ Kg6 38. Ng5 {Game drawn by
mutual agreement} 1/2-1/2

[Event "Team 45 45 League T34"]
[Site "Internet Chess Club"]
[Date "2007.07.27"]
[Round "2"]
[White "egd01"]
[Black "qs16"]
[Result "1-0"]
[WhiteElo "1594"]
[BlackElo "1770"]
[Opening "Sicilian: Najdorf, Zagreb (fianchetto) variation"]
[ECO "B91"]
[Time "16:01:46"]
[TimeControl "2700+45"]

1. e4 c5 2. Nf3 d6 3. d4 cxd4 4. Nxd4 Nf6 5. Nc3 a6 6. g3 e5 7. Nde2 Nbd7 8. Bg2
b5 9. O-O Bb7 10. a4 b4 11. Nd5 Nxd5 12. exd5 Qc7 13. Be3 a5 14. f4 exf4 15.
Nxf4 Be7 16. Nh5 O-O 17. Qg4 g6 18. Bh6 Qc5+ 19. Kh1 Ne5 20. Qf4 Bxd5 21. Nf6+
Kh8 22. Nxd5 {Black resigns} 1-0

[Event "Team 45 45 League T34"]
[Site "Internet Chess Club"]
[Date "2007.07.29"]
[Round "2"]
[White "SpikeyJ"]
[Black "DTK"]
[Result "1/2-1/2"]
[WhiteElo "2200"]
[BlackElo "2205"]
[Opening "English: closed system"]
[ECO "A25"]
[Time "16:01:31"]
[TimeControl "2700+45"]

1. c4 e5 2. g3 g6 3. Bg2 Bg7 4. Nc3 Nc6 5. e4 d6 6. Nge2 Nh6 7. d3 O-O 8. h4 f5
9. Bg5 Qd7 10. Nd5 Nf7 11. Bf6 Nfd8 12. Bxg7 Qxg7 13. Qd2 Ne6 14. h5 Ncd4 15.
hxg6 hxg6 16. Nxd4 Nxd4 17. Rh6 Nc2+ 18. Kd1 Ne3+ 19. Qxe3 f4 20. Rxg6 fxe3 21.
Rxg7+ Kxg7 22. f3 c6 23. Nxe3 Rh8 24. Ke2 Rh2 25. Kf2 Be6 26. f4 Rf8 27. f5 Rh5
28. g4 Rg5 29. Kg3 Bf7 30. Rh1 b6 31. b3 Rg8 32. Bf3 a5 33. Nd1 Kf6 34. Rh6+ Ke7
35. Nf2 Rh5 36. Rxh5 Bxh5 37. Nh3 b5 38. Kh4 Be8 39. g5 Rh8+ 40. Kg3 Bh5 41.
Bxh5 Rxh5 42. g6 bxc4 43. dxc4 Kf6 44. c5 d5 45. exd5 cxd5 46. c6 Rh8 47. Kg4 e4
48. Nf4 d4 49. Nh5+ Ke5 50. g7 Rc8 51. f6 d3 52. f7 d2 53. g8=Q d1=Q+ 54. Kh4
Qh1+ 55. Kg4 Qf3+ 56. Kh4 Qh1+ {Game drawn by mutual agreement} 1/2-1/2

[Event "Team 45 45 League T34"]
[Site "Internet Chess Club"]
[Date "2007.07.26"]
[Round "2"]
[White "azbycx"]
[Black "ddlj81"]
[Result "0-1"]
[WhiteElo "1889"]
[BlackElo "2008"]
[Opening "QGD Slav: 4.Nc3"]
[ECO "D15"]
[Time "23:22:48"]
[TimeControl "2700+45"]

1. d4 d5 2. c4 c6 3. Nf3 Nf6 4. Nc3 a6 5. a4 Bf5 6. Qb3 Ra7 7. a5 e6 8. Bg5 Be7
9. e3 O-O 10. c5 Nbd7 11. Qd1 e5 12. b4 Re8 13. Be2 h6 14. Bxf6 Bxf6 15. Qd2 e4
16. Ng1 Ra8 17. Nh3 Bxh3 18. gxh3 Bg5 19. O-O-O Qf6 20. Bg4 Rad8 21. Kc2 g6 22.
Rhg1 Kh7 23. Rg2 h5 24. Be2 Qf5 25. Rdg1 Bh6 26. Bf1 Nf8 27. Kb3 Ne6 28. Qe2 Ng5
29. Rg3 Nf3 30. Rh1 Bg5 31. Nb1 Bf6 32. Nd2 Bxd4 33. Nxf3 exf3 34. Rxf3 Qb1+ 35.
Ka3 Bc3 36. Bg2 Qxb4+ 37. Ka2 Qxa5+ 38. Kb3 Qb4+ 39. Ka2 Qa4+ 40. Kb1 Qa1+ 41.
Kc2 Qb2+ 42. Kd3 Qb5+ {White resigns} 0-1

[Event "Team 45 45 League T34"]
[Site "Internet Chess Club"]
[Date "2007.07.28"]
[Round "2"]
[White "forketta"]
[Black "elnik"]
[Result "1-0"]
[WhiteElo "2000"]
[BlackElo "1865"]
[Opening "King's Indian: 5.Nf3"]
[ECO "E90"]
[Time "19:15:33"]
[TimeControl "2700+45"]

1. d4 Nf6 2. c4 g6 3. Nc3 Bg7 4. e4 d6 5. Nf3 O-O 6. h3 e5 7. d5 a5 8. Bg5 h6 9.
Be3 Na6 10. Nd2 Nd7 11. g4 Nac5 12. Nb3 b6 13. Be2 g5 14. Nd2 Re8 15. h4 Nf8 16.
h5 Nfd7 17. b3 Nf6 18. a3 Bd7 19. b4 axb4 20. axb4 Rxa1 21. Qxa1 Nb7 22. f3 Qa8
23. Kf2 Rc8 24. Nb3 Ne8 25. Qxa8 Rxa8 26. Ra1 Rxa1 27. Nxa1 Bf6 28. Bd1 Kf8 29.
Ba4 Bc8 30. Nb5 Bd7 31. Nc3 Bc8 32. Nb3 Be7 33. Bb5 Nf6 34. Nd2 Ne8 35. Ba6 Nf6
36. Nb5 Ne8 37. Na7 Nc5 38. Bxc8 Nd3+ 39. Ke2 Nxb4 40. Nb5 Bd8 41. Nf1 Nc2 42.
Bc1 {Black resigns} 1-0

[Event "Team 45 45 League T34"]
[Site "Internet Chess Club"]
[Date "2007.07.29"]
[Round "2"]
[White "deathmage"]
[Black "smitty120"]
[Result "0-1"]
[WhiteElo "1682"]
[BlackElo "1911"]
[Opening "Dresden opening"]
[ECO "C44"]
[Time "12:33:04"]
[TimeControl "2700+45"]

1. e4 e5 2. Nf3 Nc6 3. c4 d6 4. h3 g6 5. Nc3 Bg7 6. Be2 f5 7. d3 Nf6 8. Be3 O-O
9. O-O Bd7 10. a3 a5 11. Nh2 f4 12. Bd2 Nd4 13. Bg4 Nxg4 14. Nxg4 Qh4 15. f3 h5
16. Nh2 Qg5 17. Kh1 Qd8 18. Ne2 Ne6 19. Bc3 c5 20. a4 Bf6 21. Rg1 Bh4 22. Be1
Bg5 23. Bf2 Kh7 24. Nc3 Bh4 25. Qe1 Bxf2 26. Qxf2 Qg5 27. Ne2 h4 28. Nf1 Ra6 29.
Nd2 Rb6 30. b3 Nd4 31. Nxd4 cxd4 32. Rgc1 Rc8 33. Rc2 Kg7 34. Rac1 Rc5 35. Qe1
Qg3 36. Qxg3 fxg3 37. Kg1 Kf6 38. Rb1 Kg5 39. Kf1 Rb4 40. Ke2 Kf4 41. Rbb2 Be6
42. Nb1 Rc8 43. Na3 Rb6 44. Nb5 g5 45. Rb1 Bd7 46. Rbc1 Rc5 47. Rb1 Bxb5 48.
axb5 Rbxb5 49. Ra2 Rb4 50. Ra4 b6 51. Rb2 Rc7 52. Rxb4 axb4 53. Ra2 g4 54. fxg4
Rf7 55. Ra1 Kg5 56. Rf1 Ra7 57. Rf5+ Kg6 58. Rh5 Ra2+ 59. Kf1 Rf2+ 60. Ke1 Rxg2
61. Rxh4 Rf2 62. Rh8 Rf4 63. Rd8 g2 64. Rxd6+ Kf7 {White resigns} 0-1

[Event "Team 45 45 League T34"]
[Site "Internet Chess Club"]
[Date "2007.07.26"]
[Round "2"]
[White "Vannak1"]
[Black "John3v16"]
[Result "0-1"]
[WhiteElo "1755"]
[BlackElo "1963"]
[Opening "Sicilian: Taimanov variation"]
[ECO "B46"]
[Time "05:56:50"]
[TimeControl "2700+45"]

1. e4 c5 2. Nf3 e6 3. d4 cxd4 4. Nxd4 Nc6 5. Nc3 a6 6. a3 Bc5 7. Nb3 Ba7 8. Bf4
e5 9. Bg3 Nf6 10. Bc4 d6 11. Bd5 Bg4 12. f3 Be6 13. Bh4 h6 14. Bxf6 gxf6 15. Qd2
Qb6 16. O-O-O Qe3 17. Rhe1 Qxd2+ 18. Rxd2 Ke7 19. g3 Nd4 20. Nxd4 Bxd4 21. Nd1
Bxd5 22. exd5 Kd7 23. c3 Rac8 24. Kb1 Ba7 25. Re4 b5 26. f4 f5 27. Ree2 f6 28.
Ka2 h5 29. Kb3 e4 30. a4 Rc4 31. axb5 Rb8 32. Kc2 Rxb5 33. b3 Rc8 34. c4 Rb4 35.
Kc3 Rcb8 36. Rb2 a5 37. Ne3 Bxe3 38. Rxe3 a4 39. Kc2 axb3+ 40. Rexb3 Rxc4+ 41.
Kd2 Rxb3 42. Rxb3 Kc7 43. Ke2 Rc2+ 44. Ke3 Rxh2 45. Rc3+ Kd7 46. Rb3 Rg2 47.
Rb7+ Ke8 48. Rh7 Rxg3+ 49. Ke2 Rd3 50. Rxh5 Rxd5 51. Rh8+ Kf7 52. Rh7+ Kg6 53.
Re7 Rd3 54. Re6 d5 55. Rd6 d4 56. Rd5 Re3+ 57. Kf2 Rf3+ 58. Ke2 d3+ 59. Ke1 Rxf4
{White resigns} 0-1

[Event "Team 45 45 League T34"]
[Site "Internet Chess Club"]
[Date "2007.07.29"]
[Round "2"]
[White "ExpertLevel"]
[Black "PoisonIvy"]
[Result "0-1"]
[WhiteElo "1728"]
[BlackElo "1839"]
[Opening "Réti: King's Indian attack"]
[ECO "A05"]
[Time "09:35:56"]
[TimeControl "2700+45"]

1. Nf3 Nf6 2. g3 g6 3. Bg2 Bg7 4. O-O d6 5. d3 e5 6. c4 O-O 7. Nc3 Nc6 8. Bg5 h6
9. Bd2 Bg4 10. h3 Be6 11. Qc1 Kh7 12. g4 Qd7 13. g5 hxg5 14. Nxg5+ Kg8 15. Nxe6
Qxe6 16. Nd5 Nd4 17. Nxf6+ Qxf6 18. Re1 c6 19. Bg5 Qe6 20. e3 Nf3+ 21. Bxf3 Qf5
22. e4 Qxf3 23. Re3 Qh5 24. Rg3 f6 25. Bd2 g5 26. Qf1 Kf7 27. Re1 Rg8 28. Qg2
Rad8 29. Rg4 Rh8 30. Re3 Rh7 31. Rf3 Ke6 32. Bxg5 fxg5 33. Rxg5 Qh4 34. Rxg7 Rh6
35. Rg6+ Kd7 36. Rxh6 Qxh6 37. Qg4+ Kc7 38. Rf7+ Kb6 39. Qg7 Qxh3 40. Rxb7+ Kc5
41. b4+ Kd4 42. Rxa7 Rh8 43. Qg2 Qxd3 44. Qg3 Qd1+ 45. Kg2 Qh1# {White
checkmated} 0-1

[Event "Team 45 45 League T34"]
[Site "Internet Chess Club"]
[Date "2007.07.28"]
[Round "2"]
[White "clarnibass"]
[Black "dondel"]
[Result "1-0"]
[WhiteElo "1775"]
[BlackElo "1615"]
[Opening "Sicilian: Grand Prix attack"]
[ECO "B23"]
[Time "11:28:26"]
[TimeControl "2700+45"]

1. e4 c5 2. Nc3 Nc6 3. f4 e5 4. Nf3 d6 5. Bb5 Bd7 6. Bxc6 bxc6 7. fxe5 dxe5 8.
Nxe5 Qc7 9. Nxd7 Qxd7 10. d3 h6 11. O-O Qd4+ 12. Kh1 Nf6 13. Qf3 O-O-O 14. Ne2
Qd7 15. Ng3 Bd6 16. Bf4 Bxf4 17. Qxf4 Rhf8 18. Qf5 Ng4 19. Qxc5 Rfe8 20. Qc3 f6
21. h3 Ne5 22. Nf5 Rh8 23. Qc5 Ng6 24. h4 Rhe8 25. b3 Re5 26. Qc4 h5 27. a4 Qb7
28. Nd4 Rd6 29. Nf3 Ree6 30. b4 a6 31. Rab1 Kd7 32. b5 cxb5 33. axb5 axb5 34.
Rxb5 Rb6 35. Rd5+ Red6 36. Rxd6+ Rxd6 37. Qf7+ Ne7 38. Qxg7 Qb2 39. e5 Re6 40.
exf6 Rxf6 41. Re1 Re6 42. Qxb2 {Black resigns} 1-0

[Event "Team 45 45 League T34"]
[Site "Internet Chess Club"]
[Date "2007.07.28"]
[Round "2"]
[White "OGO"]
[Black "GolfSuper"]
[Result "1/2-1/2"]
[WhiteElo "1628"]
[BlackElo "1583"]
[Opening "Sicilian, Chekhover variation"]
[ECO "B53"]
[Time "12:00:06"]
[TimeControl "2700+45"]

1. e4 c5 2. Nf3 d6 3. d4 cxd4 4. Qxd4 a6 5. Nc3 Nc6 6. Qd3 Nf6 7. Bg5 h6 8. Bh4
Qc7 9. Be2 b5 10. O-O Bb7 11. Nd5 Nxd5 12. exd5 Ne5 13. Nxe5 dxe5 14. b3 Qd6 15.
c4 b4 16. Rac1 e6 17. Rfd1 exd5 18. cxd5 Be7 19. Bxe7 Qxe7 20. d6 Qg5 21. Bf3
Bxf3 22. Qxf3 O-O 23. Rc7 Rac8 24. Qb7 Rxc7 25. Qxc7 Qd8 26. Rc1 Qxc7 27. Rxc7
Rd8 28. d7 Kh7 29. Kf1 f6 30. Ke2 Kg6 31. Kd3 Kf7 32. Ra7 Ke7 33. Kc4 Rxd7 34.
Rxd7+ Kxd7 35. Kxb4 f5 36. Kc5 Ke6 37. a4 e4 38. Kd4 a5 39. g3 g5 40. h3 h5 41.
h4 gxh4 42. gxh4 Kd6 43. Ke3 Ke5 44. f3 f4+ 45. Ke2 Kd4 46. fxe4 Kxe4 47. b4
axb4 48. a5 b3 49. a6 b2 50. a7 b1=Q 51. a8=Q+ Kf5 52. Qc8+ Ke5 53. Qh8+ Ke6 54.
Qh6+ Kd7 55. Qxh5 Qe4+ 56. Kf1 Qb1+ 57. Kf2 Qc2+ 58. Qe2 Qc5+ 59. Kf3 Qh5+ 60.
Kf2 Qxh4+ 61. Kf1 Qh1+ 62. Kf2 Qh2+ 63. Kf3 Qg3+ 64. Ke4 Qe3+ 65. Qxe3 fxe3 66.
Kxe3 {Game drawn because neither player has mating material} 1/2-1/2